 Dungeon Crawl Stone Soup version 0.26.0-10-g1f06aea511 (webtiles) character file.

Game seed: 2194055983298703018

264 Amaterasu the Ruffian (level 6, -1/51 HPs)
             Began as a Naga Transmuter on Jan 25, 2021.
             Slain by an adder (5 damage)
             ... on level 3 of the Dungeon.
             The game lasted 00:06:12 (3374 turns).

Amaterasu the Ruffian (Naga Transmuter)             Turns: 3374, Time: 00:06:13

Health: -1/51      AC:  3    Str: 12    XL:     6   Next: 19%
Magic:  8/9        EV: 10    Int: 16    God:
Gold:   144        SH:  0    Dex: 11    Spells: 3/9 levels left

rFire    . . .     SeeInvis +     - Unarmed
rCold    + . .     Faith    .   (no shield)
rNeg     . . .     Spirit   .   a - +0 robe
rPois    +         Reflect  .   (helmet currently unavailable)
rElec    .         Harm     .   (no cloak)
rCorr    .         Rampage  .   (no gloves)
Will     .....                  (no barding)
Stlth    +.........             (no amulet)
HPRegen  0.17/turn              g - ring of protection from cold
MPRegen  0.11/turn              (no ring)

@: appendages, very slow
A: large, horns 2, see invisible, deformed body, poison resistance, slowness 2,
spit poison 1, AC +2
a: Spit Poison, End Transformation


You were on level 3 of the Dungeon.
You had grown temporary horns.
You visited 1 branch of the dungeon, and saw 3 of its levels.

You collected 144 gold pieces.

Inventory:

Missiles
 b - 67 poisoned darts
 h - 4 atropa-tipped darts
Armour
 a - a +0 robe (worn)
Jewellery
 g - a ring of protection from cold (left hand)
Scrolls
 c - a scroll of teleportation
 d - a scroll of amnesia
 e - a scroll of remove curse
 i - a scroll of random uselessness {unknown}
 j - a scroll of blinking {unknown}
Potions
 f - 2 potions of haste {unknown}
 k - a potion of curing {unknown}
 l - a potion of invisibility {unknown}
 m - a potion of attraction {unknown}


   Skills:
 * Level 1.4 Fighting
 * Level 2.0 Dodging
 - Level 5.0 Unarmed Combat
 - Level 2.0 Spellcasting
 * Level 3.8 Transmutations
 * Level 2.8 Poison Magic


You had 3 spell levels left.
You knew the following spells:

 Your Spells              Type           Power        Failure   Level
a - Beastly Appendage     Tmut           26%          4%          1
b - Wereblood             Tmut           13%          6%          2
c - Spider Form           Tmut/Pois      6%           16%         3

Your spell library contained the following spells:

 Spells                   Type           Power        Failure   Level
 Animate Skeleton         Necr           2%           21%         1
 Apportation              Tloc           2%           21%         1
 Corona                   Hex            1%           21%         1
 Summon Small Mammal      Summ           4%           21%         1
 Ice Form                 Ice/Tmut       7%           67%         4
 Blade Hands              Tmut           6%           75%         5


Dungeon Overview and Level Annotations

Branches:
Dungeon (3/15)

Altars:
Sif Muna
The Shining One

Annotations:
D:2 2 transporters


Innate Abilities, Weirdness & Mutations

You cannot wear boots.
Your serpentine skin is tough. (AC +2)
You have supernaturally acute eyesight. (SInv)
Armour fits poorly on your strangely shaped body.
Your system is resistant to poisons. (rPois)
You cover ground very slowly.
You can spit poison.
You have a pair of horns on your head.


Message History

The magic dart hits you!
* * * LOW HITPOINT WARNING * * *
The orc hits you from afar with a +0 vampiric trident.
* * * LOW HITPOINT WARNING * * *
Press: ? - help, Shift-Dir - straight line, f - orc, p - orc wizard
Aim: an orc, wielding a +0 vampiric trident and wearing a +0 leather armour The splash of poison hits the orc!
You kill the orc!
The orc wizard hits you but does no damage.
You hit the orc wizard.
You kill the orc wizard!
The adder bites you but does no damage.
Your Dodging skill increases to level 2!
You hit the adder but do no damage. Your headbutt misses the adder.
The adder bites you.
* * * LOW HITPOINT WARNING * * *
You closely miss the adder. Your headbutt misses the adder.
You have got your breath back.
The adder bites you.
You die...

..#.#.. #.........#.#####.#
+..#..##....###...........#
##...##..##.###†...........
.##.##... ...............#
..# .. ................#
#.. ####.##........<.# #.
#. #...........# #
#...........# #.@..)..!....
#S)..........
.)..........##
...########..## ..#.# ..#
.... .. ..# ..


You could see an adder.

Vanquished Creatures
  An ice beast (D:2)
  Terence (D:2)
  An orc wizard (D:3)
  3 adders
  3 oozes
  3 worms
  6 orcs (D:3)
  9 bats
  3 giant cockroaches
  6 goblins
  8 hobgoblins
  8 jackals
  3 kobolds
  3 quokkas
  A ball python (D:3)
  4 frilled lizards
  8 rats
71 creatures vanquished.

Notes
Turn   | Place    | Note
-------+----------+-------------------------------------------
     0 | D:1      | Amaterasu the Naga Transmuter began the quest for the Orb.
     0 | D:1      | Reached XP level 1. HP: 18/18 MP: 3/3
   475 | D:1      | Reached XP level 2. HP: 24/25 MP: 3/5
   501 | D:1      | Learned a level 2 spell: Wereblood
   879 | D:1      | Reached XP level 3. HP: 31/31 MP: 6/6
   917 | D:1      | Learned a level 3 spell: Spider Form
   984 | D:1      | Reached skill level 4 in Unarmed Combat
  1321 | D:2      | Noticed an ice beast
  1927 | D:2      | Reached XP level 4. HP: 35/38 MP: 5/7
  2193 | D:2      | Noticed Terence
  2247 | D:2      | Killed Terence
  2248 | D:2      | Reached skill level 1 in Poison Magic
  2496 | D:2      | Found a transporter.
  2502 | D:2      | Found a transporter.
  2518 | D:2      | Found a shimmering blue altar of Sif Muna.
  2625 | D:2      | Killed an ice beast
  2626 | D:2      | Reached skill level 5 in Unarmed Combat
  2626 | D:2      | Reached XP level 5. HP: 25/44 MP: 5/8
  3063 | D:3      | Found a glowing golden altar of the Shining One.
  3199 | D:3      | Reached XP level 6. HP: 46/51 MP: 5/9
  3374 | D:3      | Slain by an adder

Illustrated notes

Levels and vault maps discovered:
D:1:      tarquinn_simple_flora_water_d, layout_rooms
D:2:      layout_basic, gammafunk_temple_overflow_arena, uniq_terence
D:3:      layout_rooms, tso_metal_star, chequers_temple_overflow_minitemple,
          bloody_makhleb

Skill      XL: |  1  2  3  4  5  6 |
---------------+-------------------+-----
Unarmed Combat | 4 5 |  5.0
Poison Magic   | 2 |  2.8
Transmutations | 3 |  3.8
Dodging        | 2 |  2.0
Fighting       | |  1.4
Spellcasting   | |  2.0

Action                   |  1- 3 |  4- 6 || total
-------------------------+-------+-------++-------
Melee: Unarmed           |   125 |   113 ||   238
       Headbutt          |     8 |     6 ||    14
       Punch             |     3 |       ||     3
 Cast: Beastly Appendage |    12 |     6 ||    18
       Spider Form       |       |     1 ||     1
       Wereblood         |       |     1 ||     1
 Abil: Spit Poison       |       |     2 ||     2
  Use: Scroll            |     2 |     2 ||     4
 Stab: Sleeping          |       |     1 ||     1
Armor: Robe              |    36 |    15 ||    51
Dodge: Dodged            |    87 |    63 ||   150
